 Dungeon Crawl Stone Soup version 0.29-a0-23-ga79f92ac9c (console) character file.

Game seed: 18234636708763256537

248108 Melian the Conqueror (level 18, -18/300 HPs)
             Began as a Minotaur Berserker on Jan 30, 2022.
             Was the Champion of Trog.
             Killed from afar by a deep elf knight (27 damage)
             ... with a shard of ice
             ... on level 2 of the Elven Halls.
             The game lasted 02:41:41 (38832 turns).

Melian the Conqueror (Minotaur Berserker)          Turns: 38832, Time: 02:41:41

Health: -18/300    AC: 33    Str: 31    XL:     18   Next: 84%
Magic:  0/17       EV:  2    Int:  4    God:    Trog [******]
Gold:   2192       SH:  8    Dex: 15    Spells: 17/17 levels left

rFire   . . .      SeeInvis .   i - +6 executioner's axe (freeze)
rCold   . . .      Faith    .   (shield currently unavailable)
rNeg    . . .      Spirit   +   (armour currently unavailable)
rPois   +          Reflect  .   (helmet currently unavailable)
rElec   .          Harm     .   (cloak currently unavailable)
rCorr   .          Rampage  .   (gloves currently unavailable)
Will    +++..      NoTele   +   (boots currently unavailable)
Stlth   +.........              p - brooch of Shielding {Spirit SH+8}
HPRegen 1.40/turn               S - ring "Jeonoff" {Will++ Dex+6}
MPRegen 0.15/turn               N - +4 ring of protection

@: tree-form, studying Invocations, invisible
A: stationary, stasis, torment immunity, boosted hp, (horns 2), (retaliatory
headbutt), (deformed body), regeneration 1
}: 2/15 runes: barnacled, gossamer
a: Renounce Religion, Berserk, Trog's Hand, Brothers in Arms


You were on level 2 of the Elven Halls.
You worshipped Trog.
Trog was exalted by your worship.
You were a tree.
You visited 6 branches of the dungeon, and saw 33 of its levels.
You visited the Abyss 1 time.
You also visited: Ossuary and Ice Cave.

You collected 4577 gold pieces.
You spent 2385 gold pieces at shops.

Inventory:

Hand Weapons
 i - a +6 executioner's axe of freezing (weapon)
 k - a +5 battleaxe of flaming
Missiles
 D - 5 throwing nets (quivered)
Armour
 b - a +2 hat (melded)
 e - a scarf of resistance (melded)
 l - the +7 chain mail of Youthful Indiscretion (melded) {Fly MP+9 Str-2}
   (You bought it in a shop on level 13 of the Dungeon)

   Str:       It affects your strength (-2).
   MP:        It affects your magic capacity (+9).
   Fly:       It grants you flight.
 F - a +4 plate armour of cold resistance
 I - a +0 cloak of poison resistance
 J - a +0 pair of gloves (melded)
 T - a +2 pair of boots of rampaging (melded)
Jewellery
 p - the brooch of Shielding (around neck) {Spirit SH+8}
   (You bought it in a shop on level 2 of the Orcish Mines)

   [amulet of guardian spirit]

   It causes incoming damage to be divided between your reserves of health and
   magic.
   SH:        It affects your SH (+8).
 z - a ring of protection from fire
 N - a +4 ring of protection (right branch)
 S - the ring "Jeonoff" (left branch) {Will++ Dex+6}
   (You took it off a centaur warrior on level 13 of the Dungeon)

   [ring of dexterity]

   Dex:       It affects your dexterity (+6).
   Will:      It greatly increases your willpower.
 V - an amulet of regeneration
Wands
 r - a wand of polymorph (37)
 t - a wand of flame (34)
 w - a wand of acid (1)
 G - a wand of iceblast (25)
 H - a wand of paralysis (28)
 U - a wand of digging (5)
 X - a wand of charming (6)
Scrolls
 a - 3 scrolls of magic mapping
 j - 2 scrolls of fog
 o - 5 scrolls of fear
 u - 3 scrolls of teleportation
 E - 19 scrolls of identify
 O - a scroll of silence
 Y - a scroll of enchant armour
Potions
 c - 6 potions of mutation
 g - 2 potions of lignification
 h - a potion of haste
 m - 3 potions of berserk rage
 n - 4 potions of flight
 q - 5 potions of attraction
 s - 9 potions of ambrosia
 v - 2 potions of magic
 x - 3 potions of resistance
 A - 3 potions of might
 B - 7 potions of brilliance
 C - a potion of invisibility
 Q - 2 potions of cancellation
Miscellaneous
 d - a phial of floods
 L - a box of beasts (inert)
 R - a phantom mirror


   Skills:
 O Level 27 Fighting
 + Level 25.3 Axes
 + Level 15.0 Armour
 + Level 7.8 Dodging


You had 17 spell levels left.
You didn't know any spells.
Your spell library contained the following spells:

 Spells                   Type           Power      Damage    Failure   Level
 Portal Projectile        Hex/Tloc       0%         N/A       86%         3
 Blade Hands              Tmut           0%         N/A       100%        5
 Excruciating Wounds      Necr           0%         N/A       100%        5


Dungeon Overview and Level Annotations

Branches:
Dungeon (15/15)            Temple (0/1) D:7            Lair (6/6) D:9
 Shoals (4/4) Lair:4       Spider (4/4) Lair:4        Slime (0/5) Lair:5
    Orc (2/2) D:12            Elf (2/3) Orc:2        Vaults (0/5) D:14
 Depths (0/4) D:15        Ossuary (visited)           IceCv (visited)

Altars:
Vehumet
Wu Jian
Yredelemnul
Zin
Beogh
Jiyva

Shops:
D:4 *   D:6 (   D:9 [   D:10 *   D:13 [   Orc:2 *(=[   Elf:1 (=*   Elf:2 =
Shoals:4 *

Annotations:
Lair:5 3 runed translucent doors, Baesais's ghost, journeyman MiFi; HallandMoats's ghost, journeyman TrMo; Mysukhlell's ghost, journeyman DrTm; siradein's ghost, journeyman DrCj
Spider:2 Roxanne
Elf:2 Aizul


Innate Abilities, Weirdness & Mutations

You are a tree.
Your roots penetrate the ground, keeping you stationary.
You cannot be teleported.
You are immune to unholy pain and torment.
Your maximum health is greatly increased.
Your equipment is partially melded.
((You have a pair of horns on your head.))
((You reflexively headbutt those who attack you in melee.))
((Armour fits poorly on your strangely shaped body.))
Your natural rate of healing is unusually fast.


Message History

A +2 vorpal mace and a deep elf zephyrmancer come into view.
Aizul coils herself and waves her upper body at you.
The bolt of poison misses you. Aizul hits you but does no damage.
The deep elf knight wields a +0 shortbow.
The deep elf knight shoots an arrow.
The arrow hits you!
* * * LOW HITPOINT WARNING * * *
Okay, then.
Unknown command.
Okay, then.
Press: ? - help, v - describe, . - travel
Here: Aizul The floor.
Press: ? - help, v - describe, . - travel The floor.
Press: ? - help, v - describe, . - travel
Here: Aizul The floor.
Okay, then.
Unknown command.
Really quaff the potion of attraction?
Okay, then.
Really quaff the potion of lignification?
You turn into a tree.
Your scarf of resistance melds into your body.
Your +2 hat melds into your body.
Your +0 pair of gloves melds into your body.
Your +2 pair of boots of rampaging melds into your body.
The +7 chain mail of Youthful Indiscretion {Fly MP+9 Str-2} melds into your body.
You feel hot and cold all over.
You no longer feel able to rampage towards enemies.
You float gracefully downwards.
Your roots penetrate the ground.
The +0 short sword of electrocution hits you but does no damage.
You are electrocuted!
* * * LOW HITPOINT WARNING * * *
Aizul hits you.
* * * LOW HITPOINT WARNING * * *
The +0 short sword of electrocution hits you but does no damage.
The deep elf knight gestures at you while chanting.
The shard of ice hits you!!
You die...

# ## #. .##... ......
......... ....#
......... ...# .........
..## ........# ...##
........## ....#.
.........# ......
.........## .......
.......♣(.#. ........
.......S(......
...........##....(......
....e..... ##..........
...........##e(.........
............§ee.....e...
...................#....
.............###...
.............#
#...........##
##..........#


You could see Aizul, 2 deep elf knights, a deep elf pyromancer, a deep elf
zephyrmancer (wandering) and 4 dancing weapons.

Vanquished Creatures
  Bai Suzhen (Shoals:4)
  Nikola (Shoals:4)
  A profane servitor (Abyss:2)
  Jorgrun (D:13)
  2 krakens
  Kirke (Shoals:3)
  4 emperor scorpions
  2 deep elf sorcerers
  A frost giant (Shoals:4)
  2 orc warlords (Orc:2)
  A ghost moth (Spider:4)
  Louise (Spider:1)
  2 broodmothers
  A starcursed mass (Abyss:2)
  An entropy weaver (Spider:1)
  Azrael (Spider:1)
  5 spark wasps
  2 fire dragons
  Snorg (D:13)
  2 deep elf death magi
  4 merfolk javelineers (Shoals:4)
  Josephine (D:14)
  The ghost of Ytsad the Severer, a journeyman HOMo of Qazlal (Lair:2)
  6 merfolk impalers
  A rakshasa (D:12)
  Harold (D:8)
  An ice dragon (D:15)
  6 hydras
  4 boulder beetles
  A merfolk aquamancer (Shoals:4)
  An alligator snapping turtle (Shoals:2)
  4 jorogumos
  2 merfolk avatars
  7 centaur warriors
  An ogre mage (Orc:1)
  A satyr (Shoals:2)
  14 dancing weapons
  A death knight (D:14)
  9 death yaks
  6 two-headed ogres
  2 death scarabs (Spider:4)
  2 orc high priests (Orc:2)
  A thrashing horror (D:14)
  Nergalle (D:11)
  3 wretched stars (Abyss:2)
  4 pharaoh ants
  2 sun moths (Spider:3)
  A shadow wraith (D:13)
  6 deep elf knights
  A fire crab (Lair:6)
  A sixfirhy (Abyss:2)
  6 steelbarb worms
  7 skeletal warriors
  9 sea snakes
  4 orb spiders
  5 large abominations
  5 deep elf archers
  7 orc knights
  6 necromancers
  A broodmother zombie (Spider:4)
  2 wizards
  A spectral wolf spider (Spider:4)
  13 deep elf pyromancers
  A spriggan simulacrum (Abyss:2)
  13 deep elf zephyrmancers
  18 harpies
  3 orc sorcerers (Orc:2)
  12 fauns
  9 wolf spiders
  7 cyclopes
  16 ugly things
  5 elephants (Lair:4)
  3 moths of wrath
  14 manticores
  14 merfolk sirens
  6 black mambas
  An ice statue (IceCv)
  7 water nymphs
  A torpor snail (Spider:1)
  14 cane toads
  3 molten gargoyles (Lair:6)
  Psyche (D:11)
  4 demonic crawlers
  2 spectral redbacks (Spider:4)
  18 komodo dragons
  2 unseen horrors
  An efreet (D:13)
  14 ice devils (IceCv)
  6 freezing wraiths
  An anaconda simulacrum (IceCv)
  6 meliai
  15 merfolk
  3 spectral jumping spiders (Spider:4)
  5 trolls
  A polar bear (Lair:2)
  8 wind drakes
  A burning bush (Lair:2)
  2 spectral culicivoras (Spider:4)
  2 spectral tarantellas (Spider:4)
  A tarantella zombie (Spider:4)
  27 blink frogs
  5 raiju (Abyss:2)
  19 tarantellas
  18 slime creatures
  A jumping spider zombie (Spider:4)
  5 dream sheep
  18 jumping spiders
  A centaur simulacrum (D:13)
  11 snapping turtles
  2 shadows (D:13)
  15 culicivoras
  A black mamba zombie (Abyss:2)
  6 water elementals
  2 dire elephant simulacra (IceCv)
  3 air elementals
  65 yaks
  11 basilisks
  5 wraiths
  2 fire bats (Abyss:2)
  A yak (shapeshifter) (D:15)
  A ynoxinul (Abyss:2)
  7 wyverns
  2 hogs (Shoals:3)
  3 steam dragons
  A chaos spawn (Abyss:2)
  2 neqoxecs (Abyss:2)
  4 fire elementals (Spider:1)
  42 redbacks
  7 vampire mosquitoes
  2 death yak simulacra (IceCv)
  5 wargs
  2 harpy simulacra
  6 hell hounds
  An acid dragon (D:12)
  11 water moccasins
  A deep troll skeleton (Abyss:2)
  4 black bears
  28 orc warriors
  A necrophage (D:5)
  2 small abominations (Abyss:2)
  A boggart (D:13)
  9 ogres
  7 centaurs
  18 wolves
  A phantom (D:6)
  Blork the orc (D:5)
  2 kobold brigands (D:8)
  A gnoll sergeant (D:10)
  5 bullfrogs
  2 earth elementals
  4 elf zombies (Elf:1)
  3 scorpions
  3 cane toad simulacra (IceCv)
  A two-headed ogre simulacrum (IceCv)
  A wyvern skeleton (D:6)
  4 elephant simulacra (IceCv)
  20 killer bees (D:13)
  2 electric eels
  2 howler monkeys (D:8)
  5 lava snakes (Lair:6)
  A centaur zombie (D:9)
  2 jellies
  A bullfrog skeleton (D:2)
  2 gnoll shamans
  A centaur skeleton (D:4)
  21 orc priests
  4 iguanas
  20 orc wizards
  7 polar bear simulacra (IceCv)
  4 hell rats (Lair:4)
  2 troll simulacra (IceCv)
  3 wolf simulacra (IceCv)
  A hound skeleton (D:4)
  2 howler monkey zombies
  14 mummies
  A naga simulacrum (IceCv)
  7 adders
  20 gnolls
  2 shadow imps (D:5)
  2 white imps
  2 ufetubi
  4 worms
  42 orcs
  An endoplasm (D:3)
  A giant cockroach (D:2)
  6 goblins
  5 hobgoblins
  16 jackals
  4 quokkas
  9 ball pythons
  8 bats
  2 frilled lizards
  5 gnoll skeletons (Ossuary)
  A goblin zombie (D:8)
  3 kobolds
  A kobold skeleton (Ossuary)
  2 orc skeletons (Ossuary)
  An orc zombie (D:8)
  5 rats
  11 rat skeletons (Ossuary)
  A plant (Shoals:1)
  5 tentacles
1129 creatures vanquished.

Vanquished Creatures (collateral kills)
  2 hydras
  A great orb of eyes (Lair:2)
  An ogre mage (Orc:1)
  A death knight (D:13)
  3 dancing weapons (Elf:2)
  2 death scarabs (Spider:4)
  An orc high priest (Orc:1)
  Sonja (D:13)
  2 orc knights (Orc:1)
  2 orc sorcerers (Orc:1)
  4 ugly things (D:14)
  A slime creature (Lair:2)
  A torpor snail (Lair:2)
  An ice devil (IceCv)
  A queen bee (D:13)
  A jumping spider zombie (Spider:4)
  A tarantella zombie (Spider:4)
  A culicivora (Spider:1)
  A basilisk (Lair:6)
  A fire elemental (Spider:1)
  2 wargs (Orc:1)
  A redback (Spider:1)
  A hell hound (Spider:1)
  2 orc warriors (Orc:1)
  2 ogres (Orc:1)
  A bullfrog (Lair:2)
  A killer bee (D:13)
  An elephant simulacrum (IceCv)
  A jelly (Lair:2)
  2 orc wizards (Orc:1)
  2 orcs (Orc:1)
45 creatures vanquished.

Vanquished Creatures (others)
  A human (Shoals:3)
  An orc wizard (Orc:1)
  A bush (Lair:6)
  23 fungi
  174 plants
  20 tentacles
  2 withered plants (Lair:5)
222 creatures vanquished.

Grand Total: 1396 creatures vanquished

Notes
Turn   | Place    | Note
-------+----------+-------------------------------------------
     0 | D:1      | Melian the Minotaur Berserker began the quest for the Orb.
     0 | D:1      | Reached XP level 1. HP: 19/19 MP: 0/0
    57 | D:1      | Found a faded altar of an unknown god.
   336 | D:1      | Reached XP level 2. HP: 27/27 MP: 1/1
   689 | D:2      | Reached skill level 4 in Fighting
   689 | D:2      | Reached XP level 3. HP: 22/33 MP: 2/2
   914 | D:2      | Reached ** piety under Trog
  1572 | D:3      | Found a basalt altar of Yredelemnul.
  1582 | D:3      | Reached XP level 4. HP: 41/41 MP: 3/3
  1796 | D:3      | Noticed an ogre
  1801 | D:3      | Killed an ogre
  1802 | D:3      | Reached skill level 5 in Fighting
  1802 | D:3      | Reached skill level 5 in Axes
  1802 | D:3      | Reached XP level 5. HP: 48/48 MP: 4/4
  2724 | D:4      | Reached skill level 6 in Fighting
  2724 | D:4      | Reached XP level 6. HP: 57/57 MP: 5/5
  2927 | D:4      | Found Nuxeun's General Store.
  2935 | D:4      | Bought a scroll of identify for 28 gold pieces
  3256 | D:4      | Reached skill level 7 in Fighting
  3256 | D:4      | Reached XP level 7. HP: 34/66 MP: 6/6
  3707 | D:5      | Entered Level 5 of the Dungeon
  3729 | D:5      | Identified a scroll of acquirement
  3729 | D:5      | Acquired a +3 vorpal executioner's axe
  3984 | D:5      | Noticed Blork the orc
  3992 | D:5      | Killed Blork the orc
  4114 | D:5      | Reached *** piety under Trog
  4189 | D:5      | Reached skill level 8 in Fighting
  4740 | D:6      | Found Mokuetwa's Weapon Shop.
  4762 | D:6      | Reached XP level 8. HP: 75/75 MP: 7/7
  5185 | D:6      | Reached skill level 9 in Fighting
  6055 | D:7      | Gained mutation: Your flesh is cold resistant. (rC+)
                  | [potion of mutation]
  6182 | D:7      | Reached skill level 10 in Fighting
  6182 | D:7      | Reached skill level 10 in Axes
  6529 | D:7      | Found a staircase to the Ecumenical Temple.
  6807 | D:7      | Reached XP level 9. HP: 60/86 MP: 8/8
  7101 | D:7      | Noticed a two-headed ogre
  7105 | D:7      | Killed a two-headed ogre
  7106 | D:7      | Reached skill level 11 in Fighting
  7624 | D:8      | Found a sand-covered staircase.
  7629 | Ossuary  | Entered an ossuary
  7797 | Ossuary  | Reached **** piety under Trog
  8116 | D:8      | Reached skill level 12 in Fighting
  8396 | D:8      | Noticed Harold
  8404 | D:8      | Killed Harold
  8405 | D:8      | Reached XP level 10. HP: 67/99 MP: 9/9
  9400 | D:9      | Reached skill level 13 in Fighting
  9908 | D:9      | Found a staircase to the Lair.
 10505 | D:9      | Found Zexti's Armour Boutique.
 10612 | D:10     | Entered Level 10 of the Dungeon
 11106 | D:10     | Noticed a two-headed ogre
 11110 | D:10     | Killed a two-headed ogre
 11111 | D:10     | Reached skill level 14 in Fighting
 11227 | D:10     | Found Wini's Mass Market.
 11455 | D:10     | Noticed a two-headed ogre
 11460 | D:10     | Killed a two-headed ogre
 11461 | D:10     | Reached XP level 11. HP: 94/111 MP: 10/10
 11972 | D:11     | Noticed a boulder beetle
 11976 | D:11     | Killed a boulder beetle
 12137 | D:11     | Noticed Psyche
 12146 | D:11     | Killed Psyche
 12146 | D:11     | Reached ***** piety under Trog
 12199 | D:11     | Reached skill level 15 in Fighting
 12199 | D:11     | Reached skill level 15 in Axes
 12264 | D:11     | Noticed a red ugly thing
 12271 | D:11     | Killed a red ugly thing
 12296 | D:11     | Identified the +3 scale mail of Qazoskoyh {Str+4}
 12365 | D:11     | Found a glowing silver altar of Zin.
 12388 | D:11     | Noticed Nergalle
 12393 | D:11     | Killed Nergalle
 12936 | Lair:1   | Entered Level 1 of the Lair of Beasts
 13164 | Lair:1   | Found a frozen archway.
 13169 | IceCv    | Entered an ice cave
 13201 | IceCv    | Received a gift from Trog
 13307 | IceCv    | Reached skill level 16 in Fighting
 13762 | IceCv    | Found an ancient bone altar of Kikubaaqudgha.
 13779 | IceCv    | Reached XP level 12. HP: 74/124 MP: 11/11
 14101 | IceCv    | Reached skill level 17 in Fighting
 15366 | Lair:1   | Noticed a death yak
 15369 | Lair:1   | Noticed a death yak
 15370 | Lair:1   | Noticed a death yak
 15374 | Lair:1   | Killed a death yak
 15379 | Lair:1   | Killed a death yak
 15379 | Lair:1   | Killed a death yak
 15380 | Lair:1   | Reached skill level 18 in Fighting
 15853 | Lair:1   | Noticed a four-headed hydra
 15866 | Lair:1   | Killed a nine-headed hydra
 16484 | Lair:2   | Reached XP level 13. HP: 136/136 MP: 12/12
 16879 | Lair:2   | Found a runed translucent gate.
 16879 | Lair:2   | Found a runed translucent gate.
 16879 | Lair:2   | Found a runed translucent gate.
 16882 | Lair:2   | Found a viscous altar of Jiyva.
 16882 | Lair:2   | Noticed Ytsad's ghost (journeyman HOMo)
 18076 | Lair:2   | Lost mutation: Your flesh is cold resistant. (rC+) [potion
                  | of mutation]
 18076 | Lair:2   | Gained mutation: You are clumsy. (Dex -2) [potion of
                  | mutation]
 18076 | Lair:2   | Lost mutation: You are clumsy. (Dex -2) [potion of
                  | mutation]
 18077 | Lair:2   | Gained mutation: Your natural rate of healing is unusually
                  | fast. [potion of mutation]
 18086 | Lair:2   | Paralysed by a great orb of eyes for 7 turns
 18090 | Lair:2   | Reached skill level 19 in Fighting
 18101 | Lair:2   | Killed Ytsad's ghost
 18253 | Lair:3   | Identified the +4 robe of Winter {SInv}
 18971 | Lair:4   | Found an ornate altar of the Wu Jian Council.
 18988 | Lair:4   | Found a staircase to the Shoals.
 19154 | Lair:4   | Found a hole to the Spider Nest.
 19687 | Lair:4   | Reached skill level 5 in Armour
 20160 | Lair:5   | Found a viscous altar of Jiyva.
 20161 | Lair:5   | Found a staircase to the Slime Pits.
 20432 | Lair:5   | Reached skill level 20 in Fighting
 20516 | Lair:5   | Received a gift from Trog
 20526 | Lair:5   | Reached XP level 14. HP: 141/148 MP: 13/13
 20659 | Lair:5   | Found a runed translucent gate.
 20659 | Lair:5   | Found a runed translucent gate.
 20659 | Lair:5   | Found a runed translucent gate.
 20659 | Lair:5   | Noticed HallandMoats's ghost (journeyman TrMo)
 20660 | Lair:5   | Noticed siradein's ghost (journeyman DrCj)
 20660 | Lair:5   | Noticed Baesais's ghost (journeyman MiFi)
 20660 | Lair:5   | Noticed Mysukhlell's ghost (journeyman DrTm)
 20828 | Lair:6   | Entered Level 6 of the Lair of Beasts
 20871 | Lair:6   | Identified the +0 leather armour "Otol" {MP+9 Stlth+}
 21336 | Lair:6   | Reached skill level 21 in Fighting
 21674 | Lair:6   | Reached skill level 10 in Armour
 21787 | Lair:6   | Found a large runed translucent door.
 21787 | Lair:6   | Found a large runed translucent door.
 22505 | D:12     | Found a staircase to the Orcish Mines.
 22526 | Orc:1    | Entered Level 1 of the Orcish Mines
 22588 | Orc:2    | Entered Level 2 of the Orcish Mines
 22588 | Orc:2    | Found a staircase to the Elven Halls.
 22625 | Orc:2    | Found Itua's Antique Armour Shoppe.
 22882 | Orc:2    | Noticed an orc warlord
 22892 | Orc:2    | Killed an orc warlord
 22896 | Orc:2    | Noticed an orc warlord
 22904 | Orc:2    | Reached XP level 15. HP: 160/160 MP: 14/14
 22904 | Orc:2    | Found Jow Xut's Antique Weapon Boutique.
 22909 | Orc:2    | Killed an orc warlord
 22914 | Orc:2    | Reached skill level 22 in Fighting
 22918 | Orc:2    | Reached ****** piety under Trog
 23171 | Orc:2    | Found Jumaschot's General Store.
 23179 | Orc:2    | Bought a +0 cloak of poison resistance for 136 gold pieces
 23200 | Orc:2    | Bought the brooch of Shielding {Spirit SH+8} for 950 gold
                  | pieces
 23200 | Orc:2    | Found the brooch of Shielding {Spirit SH+8}
 23236 | Orc:2    | Found Ywiu's Jewellery Shoppe.
 23496 | Elf:1    | Entered Level 1 of the Elven Halls
 24022 | D:13     | Received a gift from Trog
 24124 | D:13     | Noticed Snorg
 24132 | D:13     | Killed Snorg
 24190 | D:13     | Found Impa's Armour Shoppe.
 24377 | D:13     | Noticed a deep elf sorcerer
 24382 | D:13     | Killed a deep elf sorcerer
 24914 | D:13     | Noticed Jorgrun
 24915 | D:13     | Noticed Sonja
 24921 | D:13     | Killed Sonja
 24925 | D:13     | Killed Jorgrun
 24988 | D:13     | Identified the +10 glaive "Tizxavva" {freeze, rElec rF-
                  | Int+7}
 24988 | D:13     | Identified the ring "Jeonoff" {Will++ Dex+6}
 25426 | D:13     | Reached skill level 23 in Fighting
 26013 | D:14     | Noticed Josephine
 26022 | D:14     | Killed Josephine
 26298 | D:14     | Found a gate to the Vaults.
 26567 | D:14     | Cast into level 2 of the Abyss (a wizard)
 26578 | Abyss:2  | Found a corrupted altar of Lugonu.
 26621 | Abyss:2  | Noticed a profane servitor
 26645 | Abyss:2  | Killed a profane servitor
 26790 | Abyss:2  | Gained mutation: Armour fits poorly on your strangely
                  | shaped body. [a neqoxec]
 26822 | D:14     | Escaped the Abyss
 26830 | D:14     | Reached XP level 16. HP: 93/166 MP: 7/15
 27020 | D:15     | Entered Level 15 of the Dungeon
 27858 | D:15     | Found a staircase to the Depths.
 28646 | Spider:1 | Entered Level 1 of the Spider Nest
 28673 | Spider:1 | Noticed Louise
 28682 | Spider:1 | Killed Louise
 28683 | Spider:1 | Reached skill level 24 in Fighting
 28780 | Spider:1 | Noticed Azrael
 28785 | Spider:1 | Killed Azrael
 28999 | Spider:1 | Received a gift from Trog
 29430 | Spider:2 | Identified Roxanne's Papyrus of Transmigration
 29430 | Spider:2 | Noticed Roxanne
 30177 | Spider:3 | Received a gift from Trog
 30178 | Spider:3 | Reached skill level 25 in Fighting
 30842 | Spider:4 | Entered Level 4 of the Spider Nest
 30928 | Spider:4 | Reached XP level 17. HP: 185/185 MP: 16/16
 31964 | Spider:4 | Got a gossamer rune of Zot
 32334 | D:13     | Bought the +7 chain mail of Youthful Indiscretion {Fly MP+9
                  | Str-2} for 949 gold pieces
 32566 | Shoals:1 | Entered Level 1 of the Shoals
 32749 | Shoals:1 | Reached skill level 26 in Fighting
 32811 | Shoals:1 | Found Qugees's Island Escapes.
 33388 | Shoals:1 | Noticed a kraken
 33426 | Shoals:1 | Killed a kraken
 33549 | Shoals:2 | Reached skill level 5 in Dodging
 33732 | Shoals:2 | Received a gift from Trog
 34003 | Shoals:2 | Noticed a kraken
 34018 | Shoals:2 | Killed a kraken
 34609 | Shoals:3 | Reached skill level 27 in Fighting
 34704 | Shoals:3 | Identified the +4 chain mail of Crawling {*Slow rC++ rN++
                  | Regen+}
 35283 | Shoals:4 | Entered Level 4 of the Shoals
 35483 | Shoals:4 | Found Ymunoiv's Assorted Antiques.
 35497 | Shoals:4 | Bought a scroll of enchant armour for 217 gold pieces
 35500 | Shoals:4 | Noticed Bai Suzhen
 35501 | Shoals:4 | Noticed Kirke
 35560 | Shoals:3 | Killed Kirke
 35561 | Shoals:3 | Reached XP level 18. HP: 192/200 MP: 17/17
 35571 | Shoals:4 | Killed Bai Suzhen
 35580 | Shoals:4 | Noticed Nikola
 35598 | Shoals:4 | Killed Nikola
 35598 | Shoals:4 | Received a gift from Trog
 36593 | Shoals:4 | Got a barnacled rune of Zot
 36937 | Elf:1    | Found a radiant altar of Vehumet.
 37113 | Elf:1    | Found Ytoziw's General Store.
 37329 | Orc:1    | Received a gift from Trog
 37822 | Elf:1    | Bought a scroll of enchant armour for 105 gold pieces
 38005 | Elf:1    | Found Bufaaceo's Jewellery Shop.
 38005 | Elf:1    | Found Efiut's Antique Weapon Boutique.
 38007 | Elf:1    | Paralysed by an air elemental for 1 turns
 38011 | Elf:1    | Paralysed by an air elemental for 1 turns
 38114 | Elf:1    | Received a gift from Trog
 38259 | Elf:1    | Paralysed by an air elemental for 1 turns
 38394 | Elf:2    | Paralysed by an air elemental for 1 turns
 38402 | Elf:2    | Found Teges's Jewellery Boutique.
 38651 | Elf:2    | Found a runed translucent gate.
 38651 | Elf:2    | Found a runed translucent gate.
 38651 | Elf:2    | Found a runed translucent gate.
 38794 | Elf:2    | Reached skill level 15 in Armour
 38827 | Elf:2    | Noticed Aizul
 38832 | Elf:2    | HP: 10/300 [+0 short sword of electrocution (8)]
 38832 | Elf:2    | Killed from afar by a deep elf knight

Illustrated notes

Levels and vault maps discovered:
D:1:      dpeg_arrival_rhombi, layout_rooms,
          hellmonk_ecumenical_altar_leap_of_faith, serial_park_tiny_2
D:2:      layout_basic, hangedman_decor_peaks_small
D:3:      layout_loops_corners, mainiacjoe_overflow_small_starburst
D:4:      layout_basic, kennysheep_windowed_goal
D:5:      layout_gridville, uniq_blork_the_orc
D:6:      layout_basic, serial_shops, shop
D:7:      layout_basic, minmay_temple_entry_slanted, grunt_decor_cap
D:8:      layout_basic, nicolae_ossuary_entry_giza, minmay_checkerbox,
          uniq_harold
D:9:      layout_loops_corners, lair_entry_dummy, serial_shops,
          nicolae_diamond_shop, evilmike_butchery
D:10:     layout_grid_maze, minmay_shop_mass, hangedman_abyss_or_decor_stabs,
          grunt_ministairs_2
D:11:     layout_roguey, zin_scriptorium, uniq_psyche, uniq_nergalle
D:12:     layout_irregular_city, orc_0_dummy, feat_on_display
D:13:     minmay_the_grid_triangle_9x9_recursive_3_mashed
          [minmay_the_grid_triangle_9x9_thin_v,
          minmay_the_grid_triangle_9x9_warning,
          minmay_the_grid_triangle_9x9_longest,
          minmay_the_grid_triangle_9x9_prize_insulated,
          minmay_the_grid_triangle_9x9_from_above,
          minmay_the_grid_triangle_9x9_odd_lines,
          minmay_the_grid_triangle_9x9_zippers_horizontal,
          minmay_the_grid_triangle_9x9_intruding_spiral,
          minmay_the_grid_triangle_9x9_empty], layout_layer_cave, special_room
          [special_room_bee], serial_shops, shop, uniq_sonja, uniq_jorgrun,
          uniq_snorg
D:14:     layout_loops_ring, erik_vaults_1, uniq_josephine
D:15:     grunt_enter_depths_hoard, layout_layer_cave, nrook_pool_corridor
Lair:1:   layout_roguey, portal_ice_cave_entry_pillars_1,
          infiniplex_staircase_pool_2, grunt_megastairs_5
Lair:2:   layout_layer_cave, gammafunk_ghost_ooze, evilmike_ambush
          [evilmike_ambush_outer_basic, evilmike_ambush_inner_wall_1],
          grunt_megastairs_1
Lair:3:   layout_gridlike
Lair:4:   layout_small_grid, minmay_shoals_entry_lonely_mermaid,
          nicolae_spider_entry_orb_guardian, basic_altar,
          chequers_serial_rivers_micro_d, grunt_forest_stairs_basic,
          nicolae_quartered_pool_little
Lair:5:   layout_regular_city, dpeg_slime_entry_enclosed_altar,
          gammafunk_ghost_cemetery, lookout_lair_type, pond
Lair:6:   cheibrodos_lair_end_hotspot, layout_hall_layers, serial_forest,
          infiniplex_forest_lined_ring, infiniplex_forest_clump_small,
          infiniplex_forest_clump_curved, infiniplex_forest_end_2,
          infiniplex_forest_zigzag_2, infiniplex_forest_zigzag_1,
          infiniplex_forest_end_3, infiniplex_forest_clump_diagonal,
          infiniplex_forest_corner_1, infiniplex_forest_clump_medium
Shoals:1: layout_shoals, nicolae_island_escapes
Shoals:2: layout_shoals
Shoals:3: layout_shoals, centaur_isle
Shoals:4: shoals_end_grunt_ice, layout_shoals, serial_shops, shop_statue,
          uniq_bai_suzhen, uniq_nikola, uniq_kirke
Spider:1: layout_spider_delve, uniq_louise, uniq_azrael
Spider:2: layout_cave_pods, uniq_roxanne
Spider:3: layout_spider_delve
Spider:4: floodkiller_spider_rune_tomb
Orc:1:    layout_diamond_mine, basic_altar, guppyfry_orc_lava_fort
Orc:2:    grunt_orc_gardens, layout_diamond_mine, grunt_orc_garden,
          grunt_orc_garden, grunt_orc_garden, grunt_orc_garden
Elf:1:    eino_elf_arrival_altar, layout_rooms, serial_shops,
          nicolae_shop_advertising_works [nicolae_subvault_shop_adworks],
          minmay_elf_necromancy, minmay_shoptagon
Elf:2:    elven_hall_of_blades_hangedman_original [nicolae_blade_little_rooms],
          layout_rooms, serial_shops, shop, palyth_stone_intersect,
          minmay_shop_enchanted_jewellery, uniq_aizul

Skill      XL: |  1  2  3  4  5  6  7  8  9 10 11 12 13 14 15 16 17 18 |
---------------+-------------------------------------------------------+-----
Fighting       | 4 5 6 7 8 10 12 14 16 18 20 21 23 25 27 | 27.0
Axes           | 4 5 6 8 10 12 14 16 18 20 21 23 24 25 | 25.3
Armour         | 3 6 11 12 15 | 15.0
Dodging        | 3 6 7 |  7.8

Action                   |  1- 3 |  4- 6 |  7- 9 | 10-12 | 13-15 | 16-18 || total
-------------------------+-------+-------+-------+-------+-------+-------++-------
Melee: Hand axe          |    54 |    96 |    19 |       |       |       ||   169
       Headbutt          |     8 |    12 |    31 |    61 |   150 |   245 ||   507
       Executioner's axe |       |       |   182 |   337 |   710 |   994 ||  2223
       Battleaxe         |       |       |       |       |       |    14 ||    14
Invok: Berserk           |       |     2 |     1 |     8 |    10 |     3 ||    24
       Trog's Hand       |       |     1 |       |     1 |     3 |       ||     5
       Brothers in Arms  |       |       |       |     4 |    10 |     9 ||    23
Evoke: Wand              |       |       |       |     5 |     8 |    14 ||    27
       Phial of floods   |       |       |       |       |     2 |       ||     2
       Box of beasts     |       |       |       |       |       |     2 ||     2
  Use: Scroll            |       |     2 |    16 |    10 |    14 |     9 ||    51
       Potion            |       |       |     1 |     4 |     9 |    16 ||    30
 Stab: Invisible         |       |       |       |     1 |       |     6 ||     7
       Distracted        |       |       |       |       |     1 |       ||     1
Armor: Animal skin       |     2 |       |       |       |       |       ||     2
       Chain mail        |    11 |    68 |    35 |       |       |   257 ||   371
       Leather armour    |     5 |       |       |       |       |       ||     5
       Plate armour      |       |       |    84 |   211 |   523 |   251 ||  1069
       Skin              |       |       |       |       |       |     2 ||     2
Dodge: Dodged            |    46 |    67 |    96 |   120 |   264 |   286 ||   879
Block: Other             |       |       |       |       |   105 |   291 ||   396

Table legend: (Time is in decaauts)
 A = Elapsed time spent in this place.
 B = Non-inter-level travel time spent in this place.
 C = Inter-level travel time spent in this place.
 D = Time resting spent in this place.
 E = Time spent auto-exploring this place.
 F = Levels seen in this place.
 G = Mean time per level.
                   A        B        C        D        E       F      G
               +--------+--------+--------+--------+--------+-----+--------+
         Total |  38893 |  36247 |   2646 |      0 |  27278 |  36 | 1080.4 |
       Dungeon |  18142 |  16937 |   1205 |      0 |  13795 |  15 | 1209.5 |
          Lair |   7815 |   7232 |    583 |      0 |   5632 |   6 | 1302.5 |
        Shoals |   4030 |   3814 |    216 |      0 |   2758 |   4 | 1007.5 |
   Spider Nest |   3498 |   3230 |    268 |      0 |   2091 |   4 |  874.5 |
  Orcish Mines |   1596 |   1309 |    287 |      0 |    856 |   2 |  798.0 |
   Elven Halls |   1296 |   1209 |     87 |      0 |    661 |   2 |  648.0 |
         Abyss |    240 |    240 |      0 |      0 |      0 |   1 |  240.0 |
       Ossuary |    391 |    391 |      0 |      0 |    148 |   1 |  391.0 |
      Ice Cave |   1881 |   1881 |      0 |      0 |   1336 |   1 | 1881.0 |
               +--------+--------+--------+--------+--------+-----+--------+

Top non-repeatable levels by time:
    D:13: 2087 daAuts
  Lair:2: 1921 daAuts
   IceCv: 1881 daAuts
     D:7: 1681 daAuts
  Lair:1: 1633 daAuts
     D:9: 1615 daAuts
    D:10: 1405 daAuts
     D:8: 1391 daAuts
    D:15: 1389 daAuts
  Lair:4: 1352 daAuts
Shoals:4: 1261 daAuts
Spider:4: 1241 daAuts
     D:6: 1241 daAuts
  Lair:6: 1241 daAuts
     D:4: 1158 daAuts
